 Seeded DCSS version 0.29.1-15-g9cfb28693d (webtiles) character file.

Game seed: 15822848163574757677 (custom seed)

72 kingofthe the Conjurer (level 4, -1/24 HPs)
             Began as a Deep Elf Conjurer on Mar 11, 2023.
             Killed from afar by Jessica (6 damage)
             ... with a bolt of dispelling energy
             ... on level 3 of the Dungeon.
             The game lasted 00:03:41 (2069 turns).

kingofthe the Conjurer (Deep Elf Conjurer)          Turns: 2069, Time: 00:03:42

Health: -1/24      AC:  3    Str:  4    XL:     4   Next: 6%
Magic:  9/11       EV: 13    Int: 23    God:
Gold:   103        SH:  0    Dex: 15    Spells: 2/10 levels left

rFire   . . .      SeeInvis .   (no weapon)
rCold   . . .      Faith    .   (no shield)
rNeg    . . .      Spirit   .   a - +0 robe
rPois   .          Reflect  .   (no helmet)
rElec   .          Harm     .   (no cloak)
rCorr   .          Rampage  .   h - +0 pair of gloves
Will    .....                   (no boots)
Stlth   ++........              (no amulet)
HPRegen 0.08/turn               (no ring)
MPRegen 0.12/turn               (no ring)

@: no status effects
A: no striking features
a: no special abilities


You were on level 3 of the Dungeon.
You visited 1 branch of the dungeon, and saw 3 of its levels.

You collected 103 gold pieces.


   Skills:
 - Level 3.5 Dodging
 - Level 3.0 Stealth
 + Level 3.9 Spellcasting
 + Level 5.0 Conjurations
 * Level 0.1 Hexes


You had 2 spell levels left.
You knew the following spells:

 Your Spells              Type           Power      Damage    Failure   Level
a - Magic Dart            Conj           100%       1d8       1%          1
b - Searing Ray           Conj           54%        2d6       1%          2
c - Foxfire               Conj/Fire      64%        2x1d7     3%          1
d - Fulminant Prism       Conj/Hex       8%         3d7       34%         4

Your spell library contained the following spells:

 Spells                   Type           Power      Damage    Failure   Level
 Conjure Flame            Conj/Fire      16%        6-21      11%         3
 Dazzling Flash           Conj/Hex       32%        N/A       11%         3
 Inner Flame              Hex/Fire       4%         N/A       30%         3
 Flame Wave               Conj/Fire      16%        2d7       36%         4
 Iskenderun's Mystic Bla  Conj/Tloc      16%        2d5       36%         4

Inventory:

Missiles
 l - a throwing net {=f}
Armour
 a - a +0 robe (worn)
 h - a +0 pair of gloves (worn)
 i - the +1 ring mail "Vuekuas" {Will+ Str+3}
   (You found it on level 2 of the Dungeon)

   Str:       It affects your strength (+3).
   Will:      It increases your willpower.
Scrolls
 c - 2 scrolls of identify {unknown}
 e - 2 scrolls of vulnerability {unknown}
 g - a scroll of brand weapon {unknown}
 j - 2 scrolls of teleportation {unknown}
Potions
 b - a potion of magic
 d - a potion of experience {unknown}
 f - 3 potions of haste {unknown}
 k - a potion of mutation {unknown}

Dungeon Overview and Level Annotations

Branches:
Dungeon (3/15)

Altars:

Annotations:
D:3 Jessica

.#
#....####.....>...###....)#
.####...# ##.......## #.#.#.#
........# ##.....##
#.###.###. .......## ##.@.##
#......... #####.## ##v##
##.##.##.# #.# #§# #.##.##.#
#.# #§# #.##..#.# #.# ##§##
#.###.#.# #.# ###§@v## #.#
#.#.# #.# #...vv.# #.###.#<#
#.#######.#...## #.......#
#.............###########.###
#########.###.............#
#.....############# #######


You could see Jessica (fast, ally target).


Message History

There is an open door here.
As you open the door, it creaks loudly!
You hear a shout!
There is an open door here.
A kobold comes into view. It is wielding a +0 whip.
A kobold is nearby!
The magic dart hits the kobold.
You kill the kobold!
You can't see any susceptible monsters within range! (Use Z to cast anyway.)
You can't see any susceptible monsters within range! (Use Z to cast anyway.) Jessica shouts!
Jessica mumbles some strange words.
Jessica seems to speed up.
Jessica zaps a wand.
The bolt of dispelling energy hits you!!
Ouch! That really hurt!
* * * LOW HITPOINT WARNING * * *
Casting: Magic Dart (safe; 1% risk of failure)
Confirm with . or Enter, or press ? or * to list all spells.
Aiming: Searing Ray (safe; 1% risk of failure)
Press: ? - help, Shift-Dir - straight line, f - you
Okay, then.
Casting: Searing Ray (safe; 1% risk of failure)
Confirm with . or Enter, or press ? or * to list all spells.
You conjure some foxfire!
Casting: Foxfire (safe; 3% risk of failure)
Confirm with . or Enter, or press ? or * to list all spells.
You conjure some foxfire!
Jessica zaps a wand.
The bolt of dispelling energy hits your foxfire!
The bolt of dispelling energy hits you.
You die...

Skill      XL: |  1  2  3 |
---------------+----------+-----
Dodging        | 3 |  3.5
Stealth        | 3 |  3.0
Conjurations   | 5 |  5.0
Spellcasting   | |  3.9
Hexes          | |  0.1

Action                   |  1- 3 |  4- 6 || total
-------------------------+-------+-------++-------
Melee: Unarmed           |       |     4 ||     4
 Cast: Magic Dart        |    70 |     8 ||    78
       Foxfire           |    10 |     2 ||    12
       Searing Ray       |     1 |       ||     1
Armor: Robe              |       |     2 ||     2
Dodge: Dodged            |     4 |     8 ||    12

Levels and vault maps discovered:
D:1:      heliophobic_arrival_enchanted_forest, layout_loops_ring,
          minmay_misc_feat_enclosed, minmay_tromino_v4_a
D:2:      kennysheep_big_flooded_room, layout_rooms, kennysheep_generic_room_13
D:3:      layout_loops_corners, zin_statuary, mainiacjoe_overflow_boulevard,
          mainiacjoe_overflow_six_doors_small, guppyfry_early_lair_pool,
          uniq_jessica

Notes
Turn   | Place    | Note
-------+----------+-------------------------------------------
     0 | D:1      | kingofthe the Deep Elf Conjurer began the quest for the
                  | Orb.
     0 | D:1      | Reached XP level 1. HP: 10/10 MP: 6/6
   279 | D:1      | Reached XP level 2. HP: 15/15 MP: 5/8
   282 | D:1      | Learned a level 2 spell: Searing Ray
   457 | D:1      | Reached skill level 3 in Dodging
   656 | D:1      | Reached XP level 3. HP: 19/19 MP: 2/9
  1376 | D:2      | Identified the +1 ring mail "Vuekuas" {Will+ Str+3}
  1500 | D:2      | Learned a level 1 spell: Foxfire
  1592 | D:2      | Reached skill level 3 in Stealth
  1592 | D:2      | Reached skill level 5 in Conjurations
  1759 | D:3      | Noticed Jessica
  1865 | D:3      | Reached XP level 4. HP: 24/24 MP: 6/11
  1881 | D:3      | Learned a level 4 spell: Fulminant Prism
  2069 | D:3      | Killed from afar by Jessica

Vanquished Creatures
  An adder (D:2)
  2 worms (D:2)
  2 dart slugs (D:1)
  5 endoplasms (D:1)
  A giant cockroach (D:1)
  6 goblins
  2 hobgoblins (D:1)
  4 jackals (D:3)
  3 quokkas
  7 ball pythons
  3 bats
  4 frilled lizards (D:1)
  7 kobolds
  2 rats
49 creatures vanquished.

Vanquished Creatures (others)
  20 foxfires (D:2)
20 creatures vanquished.

Grand Total: 69 creatures vanquished

Table legend: (Time is in decaauts)
 A = Elapsed time spent in this place.
 B = Non-inter-level travel time spent in this place.
 C = Inter-level travel time spent in this place.
 D = Time resting spent in this place.
 E = Time spent auto-exploring this place.
 F = Levels seen in this place.
 G = Mean time per level.
                   A        B        C        D        E       F      G
               +--------+--------+--------+--------+--------+-----+--------+
         Total |   2068 |   1993 |     75 |     14 |   1700 |   3 |  689.3 |
       Dungeon |   2068 |   1993 |     75 |     14 |   1700 |   3 |  689.3 |
               +--------+--------+--------+--------+--------+-----+--------+

Top non-repeatable levels by time:
     D:1: 1063 daAuts
     D:2: 679 daAuts
     D:3: 325 daAuts

Table legend:
 A = Non-vault XP
 B = Vault XP
 C = Vault XP percentage of total XP
 D = Non-vault monster count
 E = Vault monster count
 F = Vault count percentage of total count
                 A         B        C        D         E       F
            +---------+---------+-------+---------+---------+-------
      Total |      90 |      13 |  12.6 |      42 |       7 |  14.3
            +---------+---------+-------+---------+---------+-------
        D:1 |      46 |       6 |  11.5 |      27 |       4 |  12.9
        D:2 |      34 |       7 |  17.1 |      10 |       3 |  23.1
        D:3 |      10 |       0 |   0.0 |       5 |       0 |   0.0
            +---------+---------+-------+---------+---------+-------
